 Dungeon Crawl Stone Soup version 0.25-a0-50-gf0389da217 (webtiles) character file.

Game seed: 1740284945903845589, levelgen mode: deterministic

632 Mrkan the Cudgeler (level 7, 0/61 HPs)
             Began as a Purple Draconian Monk on Oct 24, 2019.
             Was a Priest of Zin.
             Slain by an iguana (6 damage)
             ... on level 5 of the Dungeon.
             The game lasted 00:10:32 (4868 turns).

Mrkan the Cudgeler (Purple Draconian Monk)          Turns: 4868, Time: 00:10:32

Health: 0/61       AC:  6    Str: 14 (15) XL:     7   Next: 24%
Magic:  9/9        EV: 10    Int:  8 (10) God:    Zin [***...]
Gold:   205        SH:  7    Dex: 12 (14) Spells: 6/6 levels left

rFire    . . .     SeeInvis .   a - +0 mace
rCold    . . .     Gourm    .   o - +0 shield
rNeg     . . .     Faith    .   (armour unavailable)
rPois    .         Spirit   .   (helmet restricted)
rElec    .         Reflect  .   (no cloak)
rCorr    .         Harm     .   (no gloves)
MR       +....                  (no boots)
Stlth    ++........             (no amulet)
HPRegen  0.20/turn              (no ring)
MPRegen  0.11/turn              (no ring)

@: short of breath
A: breathe power, unfitting armour, cold-blooded, AC +6
a: Breathe Dispelling Energy, Recite, Vitalisation, Imprison, Donate Gold,
Renounce Religion


You were on level 5 of the Dungeon.
You worshipped Zin.
Zin was most pleased with you.
You were not hungry.

You visited 1 branch of the dungeon, and saw 6 of its levels.

You collected 227 gold pieces.
You donated 22 gold pieces to Zin.

Inventory:

Hand Weapons
 a - a +0 mace (weapon)
 r - a +0 hand crossbow
Missiles
 q - 70 stones (quivered)
Armour
 o - a +0 shield (worn)
Jewellery
 l - a cursed ring of attention {unknown}
 n - an uncursed amulet of magic regeneration {unknown}
 t - an uncursed amulet of harm {unknown}
 u - an uncursed amulet of rage {unknown}
 x - an uncursed ring of magical power {unknown}
Scrolls
 d - 4 scrolls of identify {unknown}
 e - 2 scrolls of fog {unknown}
 h - a scroll of enchant armour {unknown}
 k - 2 scrolls of remove curse {unknown}
 s - 2 scrolls of teleportation {unknown}
 v - a scroll of amnesia {unknown}
Potions
 c - a potion of resistance {unknown}
 f - a potion of might {unknown}
 g - 2 potions of degeneration
 i - 3 potions of heal wounds {unknown}
 j - a potion of cancellation {unknown}
 m - a potion of invisibility {unknown}
 p - 2 potions of curing {unknown}
 z - a potion of lignification {unknown}
Comestibles
 b - 6 rations
 w - 2 chunks of flesh


   Skills:
 + Level 5.5 Fighting
 * Level 6.6 Maces & Flails
 - Level 2.6 Dodging
 - Level 1.7 Stealth
 + Level 3.2 Invocations


You had 6 spell levels left.
You didn't know any spells.
Your spell library was empty.

Dungeon Overview and Level Annotations

Branches:
Dungeon (6/15)
 Temple: D:4-7

Altars:
Fedhas
Hepliaklqana
Sif Muna
Trog
Wu Jian
Xom
Zin

Shops:
D:5 !*?!?

Annotations:
D:2 1 runed translucent door, Crazy Yiuf
D:3 exclusion: oklob plant
D:5 2 transporters, QuitolisPecata's ghost, novice SpEE


Innate Abilities, Weirdness & Mutations

You can breathe bolts of dispelling energy.
Your rich purple scales are hard. (AC +6)
You cannot fit into any form of body armour.
You are cold-blooded and may be slowed by cold attacks.


Message History

You hit the ogre.
Your tail-slap misses the ogre.
The ogre is heavily wounded.
You block the ogre's attack.
You sock the ogre!
The ogre is severely wounded.
The ogre is lost in a daze.
You hit the ogre but do no damage.
The ogre is severely wounded.
The ogre misses you. The iguana barely misses you.
You hit the iguana but do no damage.
You tail-slap the iguana, but do no damage.
The iguana bites you.
The ogre hits you with a cursed +0 giant spiked club.
The iguana bites you.
You completely miss the ogre. You tail-slap the ogre.
The ogre is almost dead.
The ogre hits you with a cursed +0 giant spiked club!
* * * LOW HITPOINT WARNING * * *
The iguana bites you.
You die...

..#.........# #.# #..##.<#.#.#.
..#.........###.### #......#.#...
..#####...........####.##.##.....
#.# #.#####...#..............#.
#[# #.#...#...######.#..)......
#.# #.###.#...............###..
..#####.###.#....................
.≈.............O.................
.≈≈####.#####..l@.........######.
∩≈≈.....#.# #..................#.
≈≈≈##.#.#.###.#.#.....########.##
≈≈###.#.#.....#.#...........<#.#
.####+#.#'##....#............#.#
##..............#.##'#########.#
#..............#.##...........#
#.............##.##############
#.............##.#


You could see an ogre (dazed) and an iguana.

Vanquished Creatures
  A sky beast (D:5)
  An ice beast (D:5)
  A centaur (D:5)
  A crimson imp (D:5)
  A hound (D:4)
  A jelly (D:5)
  An orc priest (D:4)
  A bullfrog skeleton (D:5)
  Terence (D:3)
  2 worker ants
  5 adders
  3 adder skeletons (D:4)
  2 worms
  A dart slug (D:4)
  6 leopard geckos
  3 orcs
  2 ball pythons
  4 giant cockroaches
  5 goblins
  8 hobgoblins
  11 jackals
  4 quokkas
  5 bats
  9 frilled lizards
  A jackal zombie (D:5)
  2 kobolds (D:2)
  A quokka skeleton (D:5)
  10 rats
93 creatures vanquished.

Vanquished Creatures (others)
  18 toadstools (D:3)
18 creatures vanquished.

Grand Total: 111 creatures vanquished

Notes
Turn   | Place    | Note
-------+----------+-------------------------------------------
     0 | D:1      | Mrkan the Draconian Monk began the quest for the Orb.
     0 | D:1      | Reached XP level 1. HP: 19/19 MP: 1/1
   449 | D:1      | Reached XP level 2. HP: 21/26 MP: 2/2
  1162 | D:2      | Reached XP level 3. HP: 19/33 MP: 3/3
  1211 | D:2      | Reached skill level 4 in Maces & Flails
  1517 | D:2      | Found a runed translucent door.
  1518 | D:2      | Noticed Crazy Yiuf
  1947 | D:3      | Noticed Terence
  1968 | D:3      | Killed Terence
  1968 | D:3      | Reached XP level 4. HP: 14/40 MP: 4/4
  2260 | D:3      | Found an ornate altar of the Wu Jian Council.
  2366 | D:3      | Found a glowing silver altar of Zin.
  2376 | D:3      | Became a worshipper of Zin the Law-Giver
  2376 | D:3      | Reached * piety under Zin
  2376 | D:3      | Reached ** piety under Zin
  2426 | D:3      | Found a hazy altar of Hepliaklqana.
  2630 | D:3      | Found a blossoming altar of Fedhas.
  2652 | D:3      | Noticed an oklob plant
  3044 | D:4      | Noticed a phantom
  3170 | D:4      | Reached skill level 5 in Maces & Flails
  3170 | D:4      | Reached XP level 5. HP: 34/47 MP: 5/5
  3209 | D:4      | Reached skill level 1 in Invocations
  3380 | D:4      | Found a shimmering blue altar of Sif Muna.
  3652 | D:4      | Found a bloodstained altar of Trog.
  3683 | D:4      | Reached *** piety under Zin
  3817 | D:5      | Entered Level 5 of the Dungeon
  3817 | D:5      | Found a bloodstained altar of Trog.
  4032 | D:5      | Found Quxuuna's Magic Scroll Shop.
  4044 | D:5      | Found Zigureol's Distillery.
  4060 | D:5      | Reached XP level 6. HP: 51/55 MP: 7/7
  4063 | D:5      | Found a hazy altar of Hepliaklqana.
  4064 | D:5      | Noticed a sky beast
  4083 | D:5      | Killed a sky beast
  4083 | D:5      | Reached skill level 5 in Fighting
  4089 | D:5      | Found Vofuf's Magic Scroll Shop.
  4098 | D:5      | Reached skill level 6 in Maces & Flails
  4121 | D:5      | Found Zunarogh's Assorted Antiques.
  4154 | D:5      | Found a shimmering altar of Xom.
  4158 | D:5      | Found Jamufaza's Distillery.
  4204 | D:5      | Noticed an ice beast
  4496 | D:5      | Found a transporter.
  4552 | D:5      | Killed an ice beast
  4552 | D:5      | Your scales start taking on a rich purple colour.
  4552 | D:5      | Reached XP level 7. HP: 26/61 MP: 9/9
  4756 | D:5      | Found a transporter.
  4761 | D:5      | Noticed QuitolisPecata's ghost (novice SpEE)
  4868 | D:5      | Slain by an iguana

Levels and vault maps discovered:
D:1:      sevenhm_arrival_forest_fort_small_4, layout_loops_corners
D:2:      layout_loops_ring, uniq_crazy_yiuf_cottage
D:3:      layout_basic, lemuel_crystal_altar, lemuel_round_altar,
          overflow_temple_1_default, tgw_fedhas, fountainhead, uniq_terence
D:4:      layout_loops_corners, led_sif_pool, lemuel_coloured_pillars_altar,
          first_ration, chequers_serial_rivers_large_a, chequers_jeans
D:5:      layout_basic, nicolae_overflow_hidden_temple, basic_altar,
          serial_shops, nicolae_shop_waterfront, shop, nicolae_shop_trees, shop,
          nicolae_shop_overgrown_old_shop, gammafunk_ghost_stat_death,
          trog_butcher_becter
D:6:      layout_loops_corners, marbit_many_paths

Skill      XL: |  1  2  3  4  5  6 |
---------------+-------------------+-----
Maces & Flails | 4 5 6 |  6.6
Fighting       | 4 5 |  5.5
Invocations    | 1 3 |  3.2
Dodging        | |  2.6
Stealth        | |  1.7

Action                   |  1- 3 |  4- 6 |  7- 9 || total
-------------------------+-------+-------+-------++-------
Melee: Mace              |   131 |   174 |    44 ||   349
       Tailslap          |    13 |    23 |     9 ||    45
Invok: Recite            |       |       |     1 ||     1
 Abil: Breathe Dispellin |       |       |     1 ||     1
  Use: Potion            |       |     1 |       ||     1
 Stab: Sleeping          |     8 |     2 |       ||    10
  Eat: Chunk             |     3 |     4 |       ||     7
       Ration            |       |     1 |     1 ||     2
Armor: Skin              |    35 |    39 |    10 ||    84
Dodge: Dodged            |    86 |    93 |    23 ||   202
Block: Shield            |       |    49 |    17 ||    66

Table legend:
 A = Non-vault XP
 B = Vault XP
 C = Vault XP percentage of total XP
 D = Non-vault monster count
 E = Vault monster count
 F = Vault count percentage of total count
                 A         B        C        D         E       F
            +---------+---------+-------+---------+---------+-------
      Total |     858 |      46 |   5.1 |      88 |       5 |   5.4
            +---------+---------+-------+---------+---------+-------
        D:1 |      27 |       0 |   0.0 |      17 |       0 |   0.0
        D:2 |      58 |       0 |   0.0 |      20 |       0 |   0.0
        D:3 |      48 |      36 |  42.9 |      16 |       1 |   5.9
        D:4 |     165 |       0 |   0.0 |      17 |       0 |   0.0
        D:5 |     560 |      10 |   1.8 |      18 |       4 |  18.2
            +---------+---------+-------+---------+---------+-------
